 Dungeon Crawl Stone Soup version 0.30-a0-23-ge60ba3568b (webtiles) character file.

Game seed: 7954283611516233283

471 purpskrrrp the Sneak (level 6, -11/49 HPs)
             Began as a Demigod Brigand on Aug 24, 2022.
             Mangled by an ogre
             ... wielding a +0 giant spiked club
              (22 damage)
             ... on level 4 of the Dungeon.
             The game lasted 00:10:00 (4071 turns).

purpskrrrp the Sneak (Demigod Brigand)              Turns: 4071, Time: 00:10:01

Health: -11/49     AC: 12    Str: 22    XL:     6   Next: 52%
Magic:  8/8        EV:  6    Int: 13    God:
Gold:   196        SH:  0    Dex: 19    Spells: 5/5 levels left

rFire   + . .      SeeInvis .    w - +0 morningstar
rCold   . . .      Faith    .    (no shield)
rNeg    . . .      Spirit   .    r - +0 plate armour
rPois   .          Reflect  .    (no helmet)
rElec   .          Harm     .    c - +0 cloak
rCorr   .          Rampage  .    (no gloves)
Will    .....                    (no boots)
Stlth   ..........               (no amulet)
HPRegen 0.16/turn                k - +6 ring of strength
MPRegen 0.11/turn                v - ring of protection from fire

@: no status effects
A: high MP 1, forlorn, divine attributes
a: no special abilities


You were on level 4 of the Dungeon.
You visited 1 branch of the dungeon, and saw 4 of its levels.

You collected 196 gold pieces.

Inventory:

Hand Weapons
 a - a +2 dagger
 f - a +1 whip of draining
 w - a +0 morningstar (weapon)
Missiles
 d - 22 poisoned darts (quivered)
 e - 3 curare-tipped darts
Armour
 b - a +0 robe
 c - a +0 cloak (worn)
 o - an orb of light
 r - a +0 plate armour (worn)
 s - a +0 chain mail
Jewellery
 h - a ring of positive energy
 k - a +6 ring of strength (left hand)
 l - a ring of wizardry
 v - a ring of protection from fire (right hand)
Wands
 q - a wand of flame (24)
Scrolls
 i - a scroll of teleportation
 p - a scroll of poison
Potions
 g - a potion of haste {unknown}
 j - a potion of attraction {unknown}
 m - 2 potions of mutation
 n - a potion of cancellation {unknown}
 t - 2 potions of heal wounds {unknown}
 u - 2 potions of degeneration {unknown}


   Skills:
 + Level 2.3 Fighting
 - Level 2.5 Short Blades
 + Level 3.1 Maces & Flails
 - Level 1.7 Throwing
 * Level 2.0 Armour
 - Level 0.8 Dodging
 - Level 6.0 Stealth


You had 5 spell levels left.
You didn't know any spells.
Your spell library contained the following spells:

 Spells                   Type           Power      Damage    Failure   Level
 Magic Dart               Conj           0%         1d3       100%        1
 Searing Ray              Conj           0%         2d4       100%        2
 Fulminant Prism          Conj/Hex       0%         3d6       100%        4


Dungeon Overview and Level Annotations

Branches:
Dungeon (4/15)
 Temple: D:4-7


Innate Abilities, Weirdness & Mutations

You have an increased reservoir of magic. (+10% MP)
You shall have no god before yourself.
Your divine heritage dramatically boosts your attributes as you level up.


Message History

No target in view!
No target in view!
No target in view!
No target in view!
No target in view!
No target in view!
No target in view!
You see here a jackal corpse.
An ogre comes into view. It is wielding a +0 giant spiked club.
The ogre shouts!
You barely miss the ogre.
The ogre hits you with a +0 giant spiked club!!
You barely miss the ogre. The ogre hits you but does no damage.
You barely miss the ogre. The ogre barely misses you.
You hit the ogre.
The ogre is lightly wounded.
The ogre hits you with a +0 giant spiked club!
* * * LOW HITPOINT WARNING * * *
You are too injured to fight recklessly!
You are too injured to fight recklessly!
You are too injured to fight recklessly!
You are too injured to fight recklessly!
You are too injured to fight recklessly!
You are too injured to fight recklessly!
You are too injured to fight recklessly!
You are too injured to fight recklessly!
You are too injured to fight recklessly!
You are too injured to fight recklessly!
Hit: w) +0 morningstar
Press: ? - help, Dir - move target, f - ogre
Aim: an ogre, wielding a +0 giant spiked club (lightly wounded, about 27% to evade your +0 morningstar)
You puncture the ogre!
The ogre is heavily wounded.
Hit: w) +0 morningstar
Press: ? - help, Dir - move target, f/p - ogre
Aim: an ogre, wielding a +0 giant spiked club (heavily wounded, about 27% to evade your +0 morningstar)
You hit the ogre.
The ogre is severely wounded.
The ogre hits you with a +0 giant spiked club!!
You die...

### .. .#
#####O##
#...@..#
#.###..#
#.# .....
#.# .###...
#.# .. ..
#.# ## .
#####.##
####......#
#.........#


You could see an ogre.

Vanquished Creatures
  A black bear (D:3)
  An ogre (D:4)
  A kobold brigand (D:4)
  A necrophage (D:3)
  An orc wizard (D:4)
  6 adders
  2 worms
  A dart slug (D:3)
  An orc (D:3)
  7 ball pythons
  7 bats
  5 endoplasms
  A giant cockroach (D:2)
  3 goblins
  6 hobgoblins
  6 jackals
  5 quokkas
  7 frilled lizards
  10 kobolds
  7 rats
  A bush (D:3)
80 creatures vanquished.

Vanquished Creatures (others)
  2 plants (D:3)
2 creatures vanquished.

Grand Total: 82 creatures vanquished

Notes
Turn   | Place    | Note
-------+----------+-------------------------------------------
     0 | D:1      | purpskrrrp the Demigod Brigand began the quest for the Orb.
     0 | D:1      | Reached XP level 1. HP: 17/17 MP: 3/3
   396 | D:1      | Reached skill level 4 in Stealth
   396 | D:1      | Reached XP level 2. HP: 16/24 MP: 4/4
  1311 | D:2      | Reached skill level 1 in Maces & Flails
  1311 | D:2      | Reached XP level 3. HP: 29/29 MP: 5/5
  2300 | D:3      | Reached XP level 4. HP: 36/36 MP: 6/6
  2409 | D:3      | Noticed a necrophage
  2462 | D:3      | HP: 1/33 [necrophage (2)]
  2466 | D:3      | Killed a necrophage
  2467 | D:3      | Reached skill level 5 in Stealth
  2925 | D:3      | Reached XP level 5. HP: 41/41 MP: 7/7
  2944 | D:3      | Noticed a black bear
  2962 | D:3      | Killed a black bear
  3456 | D:3      | Reached skill level 6 in Stealth
  3790 | D:4      | Reached skill level 1 in Armour
  3790 | D:4      | Reached XP level 6. HP: 30/48 MP: 8/8
  4071 | D:4      | Mangled by an ogre

Illustrated notes

Levels and vault maps discovered:
D:1:      enne_arrival_octagon_isle, layout_basic,
          shapermc_ecumenical_altar_acropolis, minmay_stone_trees_small,
          nicolae_figureground_pulse
D:2:      layout_loops_ring
D:3:      minmay_door_path, layout_loops_ring,
          gammafunk_temple_overflow_forgotten
D:4:      layout_loops_corners, minmay_temple_entry_trees, uniq_menkaure

Skill      XL: |  1  2  3  4  5  6 |
---------------+-------------------+-----
Short Blades   | 2 |  2.5
Stealth        | 4 5 6 |  6.0
Maces & Flails | 1 2 3 |  3.1
Fighting       | 2 |  2.3
Armour         | 1 2 |  2.0
Throwing       | |  1.7
Dodging        | |  0.8

Action                   |  1- 3 |  4- 6 || total
-------------------------+-------+-------++-------
Melee: Dagger            |    22 |       ||    22
       Whip              |    98 |   151 ||   249
       Morningstar       |       |    37 ||    37
       Punch             |       |     3 ||     3
Throw: Dart              |     1 |       ||     1
  Use: Scroll            |       |     7 ||     7
       Potion            |       |     1 ||     1
 Stab: Sleeping          |    13 |       ||    13
       Invisible         |       |     2 ||     2
Armor: Robe              |    37 |       ||    37
       Chain mail        |     3 |    93 ||    96
       Plate armour      |       |    27 ||    27
Dodge: Dodged            |    69 |    62 ||   131

Table legend: (Time is in decaauts)
 A = Elapsed time spent in this place.
 B = Non-inter-level travel time spent in this place.
 C = Inter-level travel time spent in this place.
 D = Time resting spent in this place.
 E = Time spent auto-exploring this place.
 F = Levels seen in this place.
 G = Mean time per level.
                   A        B        C        D        E       F      G
               +--------+--------+--------+--------+--------+-----+--------+
         Total |   4087 |   3922 |    165 |    737 |   2498 |   4 | 1021.8 |
       Dungeon |   4087 |   3922 |    165 |    737 |   2498 |   4 | 1021.8 |
               +--------+--------+--------+--------+--------+-----+--------+

Top non-repeatable levels by time:
     D:1: 1306 daAuts
     D:2: 1242 daAuts
     D:3: 1201 daAuts
     D:4: 336 daAuts
